 Dungeon Crawl Stone Soup version 0.25-a0-353-ged6d54792d (webtiles) character file.

Game seed: 1788839778874295003, levelgen mode: classic

43660 Borgoz the Stickfighter (level 14, -11/92 HPs)
             Began as a Gargoyle Gladiator on Jan 2, 2020.
             Was an Elder of Ashenzari.
             Mangled by a dire elephant (17 damage)
             ... on level 15 of the Dungeon.
             The game lasted 00:53:44 (19392 turns).

Borgoz the Stickfighter (Gargoyle Gladiator)       Turns: 19392, Time: 00:53:44

Health: -11/92     AC: 28    Str: 20    XL:     14   Next: 25%
Magic:  0/14       EV: 12    Int: 11    God:    Ashenzari [****..]
Gold:   1386       SH:  0    Dex: 12    Spells: 13/13 levels left

rFire    . . .     SeeInvis +   l - +4 quarterstaff (pain) (curse)
rCold    . . .     Gourm    .   (shield currently unavailable)
rNeg     + . .     Faith    .   z - +2 chain mail {MR+}
rPois    ∞         Spirit   +   J - +2 hat
rElec    +         Reflect  .   k - scarf {Spirit}
rCorr    .         Harm     .   (no gloves)
MR       +++..     Clarity  +   p - +0 pair of boots
Stlth    ..........             (no amulet)
HPRegen  0.25/turn              I - ring of protection from magic
MPRegen  0.14/turn              (no ring)

@: flying
A: big wings, negative energy resistance 1, electricity resistance, unbreathing,
petrification resistance, rot immunity, AC +10
a: Stop Flying, Curse Item, Scrying, Renounce Religion


You were on level 15 of the Dungeon.
You worshipped Ashenzari.
Ashenzari was greatly pleased with you.
You were not hungry.

You visited 2 branches of the dungeon, and saw 16 of its levels.
You also visited: Sewer, Ossuary and Ice Cave.

You collected 1386 gold pieces.

Inventory:

Hand Weapons
 l - a cursed +4 quarterstaff of pain (weapon)
 K - the +1 flail "Nish" {drain, rC++}
   (You found it on level 13 of the Dungeon)

   A truly terrible weapon, it drains the life of those it strikes.
   It greatly protects you from cold.
Armour
 k - a scarf of spirit shield (worn)
 p - a +0 pair of boots (worn)
 v - the +0 scale mail of Death Resistance {Int+4}
   (You found it on level 9 of the Dungeon)

   It affects your intelligence (+4).
 z - a +2 chain mail of magic resistance (worn)
 J - a +2 hat (worn)
Jewellery
 y - an uncursed ring of fire
 I - a ring of protection from magic (left hand)
Wands
 a - a wand of enslavement (6)
 d - a wand of clouds (10)
 x - a wand of random effects (13)
 L - a wand of acid (3)
 O - a wand of iceblast (12)
Scrolls
 c - a scroll of enchant armour
 g - 3 scrolls of magic mapping
 h - 3 scrolls of noise {unknown}
 i - 5 scrolls of remove curse
 m - 5 scrolls of amnesia
 u - 12 scrolls of teleportation
 C - 2 scrolls of silence {unknown}
 E - a scroll of fear
Potions
 b - a potion of invisibility
 e - 10 potions of brilliance
 j - 2 potions of resistance
 o - 6 potions of lignification
 s - 7 potions of curing
 t - 3 potions of haste
 w - 3 potions of mutation
 A - 3 potions of magic
 B - 3 potions of might
 F - 2 potions of cancellation
Comestibles
 f - 27 rations


   Skills:
 + Level 12.1 Fighting
 * Level 15.1(19.1) Staves
 - Level 1.7 Throwing
 + Level 11.8 Armour
 + Level 9.7 Dodging


You had 13 spell levels left.
You didn't know any spells.
Your spell library contained the following spells:

 Spells                   Type           Power        Failure   Level  Hunger
 Corona                   Hex            #......      92%         1    ##.....
 Magic Dart               Conj           #...         92%         1    ##.....
 Shock                    Conj/Air       #...         92%         1    ##.....
 Ensorcelled Hibernation  Hex/Ice        #.....       98%         2    ###....
 Searing Ray              Conj           #.....       98%         2    ###....
 Confuse                  Hex            #.......     100%        3    ####...
 Dazzling Flash           Conj/Hex       #.....       100%        3    ####...
 Ignite Poison            Fire/Tmut/Pois #.......     100%        3    ####...
 Tukima's Dance           Hex            #.......     100%        3    ####...
 Fulminant Prism          Conj/Hex       #.........   100%        4    #####..
 Iskenderun's Mystic Bla  Conj/Tloc      #.......     100%        4    #####..
 Alistair's Intoxication  Tmut/Pois      #.......     100%        5    ######.
 Lightning Bolt           Conj/Air       #.........   100%        5    ######.
 Conjure Ball Lightning   Conj/Air       #.........   100%        6    #######


Dungeon Overview and Level Annotations

Branches:
Dungeon (15/15)            Temple (1/1) D:4            Lair (0/6) D:10
    Orc (0/2) D:12         Vaults (0/5) D:14         Depths (0/5) D:15
  Sewer (visited)         Ossuary (visited)           IceCv (visited)

Altars:
Ashenzari
Cheibriados
Dithmenos
Elyvilon
Fedhas
Gozag
Hepliaklqana
Kikubaaqudgha
Makhleb
Nemelex Xobeh
Okawaru
Qazlal
Ru
Sif Muna
Trog
Uskayaw
Vehumet
Wu Jian
Xom
Yredelemnul
Zin
The Shining One

Portals:
Trove: D:11 (give 3 potions of resistance)


Innate Abilities, Weirdness & Mutations

You are resistant to torment.
Your stone body is resilient. (AC +10)
You are immune to poison.
Your large and strong wings let you fly indefinitely.
You resist negative energy. (rN+)
You are resistant to electric shocks. (rElec)
You can survive without breathing.
You are immune to petrification.
You are immune to rotting.


Message History

The slime creature is moderately wounded.
The slime creature hits you but does no damage.
The merfolk misses you.
You sock the slime creature!
The slime creature is moderately wounded.
The dire elephant misses you.
The dire elephant trunk-slaps you but does no damage.
The slime creature hits you but does no damage.
You hit the slime creature.
The slime creature is heavily wounded.
The merfolk hits you but does no damage.
You bludgeon the slime creature!!
The slime creature is almost dead.
The dire elephant tramples you!
* * * LOW HITPOINT WARNING * * *
You are shoved backwards!
You hit the five-headed hydra.
The five-headed hydra is lightly wounded.
The dire elephant tramples you!!
You die...

,, * , , , , , *** * *
*, * ..#, ,, , * ,
*....#, , * #....# ,
#..# #....# , #..#
#....#, ,,,,
#####..#####....# , ,
, #........@......#, *
* ,
#........DY.....###..
#........J.m.........
,
#....................
,
#.............########
#...........≈...≈.#..#
#...........[.#......#
, ,
#..........#.####.####
,, #..........#..#,..#
, , ,


You could see a dire elephant, a five-headed hydra, a slime creature and a
merfolk.

Vanquished Creatures
  Gastronok (D:12)
  A vault guard (D:14)
  Harold (D:7)
  4 hydras
  A death knight (D:15)
  An ogre mage (D:13)
  5 two-headed ogres
  5 centaur warriors
  3 death yaks (D:10)
  Urug (D:12)
  Nergalle (D:11)
  A wizard (D:14)
  3 unseen horrors
  Pikel (D:7)
  3 deep elf magi
  7 ugly things
  2 cyclopes
  6 slime creatures
  4 ice statues
  Psyche (D:9)
  4 gargoyles
  4 centaur skeletons
  A komodo dragon (D:10)
  2 ice devils (D:14)
  2 guardian mummies (D:11)
  A freezing wraith (D:14)
  2 meliai
  A wolf spider simulacrum (D:15)
  2 trolls
  A merfolk (D:12)
  Grinder (D:4)
  4 hippogriffs
  A centaur simulacrum (D:14)
  2 shadows
  2 wraiths (D:13)
  13 yaks
  A vampire (D:13)
  A basilisk (D:14)
  A steam dragon (D:14)
  2 hungry ghosts
  5 vampire mosquitoes
  2 acid dragons
  A porcupine (D:10)
  4 slaves (D:7)
  A black bear (D:8)
  8 orc warriors
  9 ice beasts
  A sky beast (D:10)
  4 phantoms
  4 ogres
  3 centaurs
  3 wolves (D:14)
  2 big kobolds
  7 bullfrogs
  A wyvern zombie (D:9)
  A water moccasin skeleton (D:6)
  6 scorpions
  4 wights (D:8)
  An electric eel (D:14)
  6 howler monkeys
  6 crimson imps
  2 bullfrog zombies
  4 centaur zombies
  8 hounds
  9 orc priests
  2 jellies
  12 orc wizards
  4 bullfrog skeletons
  A gnoll shaman (D:4)
  Jessica (D:2)
  4 iguanas
  3 hell rats (D:10)
  10 worker ants
  Natasha (thrice) (D:2)
  A big kobold zombie (Ossuary)
  8 mummies (Ossuary)
  9 adders
  3 gnolls (D:4)
  A river rat (D:10)
  6 shadow imps
  A white imp (D:14)
  2 ufetubi (D:14)
  An ooze (D:1)
  4 adder skeletons
  3 worms
  3 dart slugs
  5 leopard geckos
  76 orcs
  3 ball pythons
  3 giant cockroaches
  4 gnoll zombies (Ossuary)
  11 goblins
  8 hobgoblins
  28 jackals
  12 kobolds
  4 quokkas
  7 bats
  4 frilled lizards
  2 hobgoblin zombies (Ossuary)
  A jackal skeleton (D:4)
  An orc zombie (Ossuary)
  A quokka skeleton (D:6)
  A quokka zombie (D:8)
  10 rats
465 creatures vanquished.

Notes
Turn   | Place    | Note
-------+----------+-------------------------------------------
     0 | D:1      | Borgoz the Gargoyle Gladiator began the quest for the Orb.
     0 | D:1      | Reached XP level 1. HP: 12/12 MP: 1/1
    40 | D:1      | Reached XP level 2. HP: 4/18 MP: 2/2
   448 | D:1      | Reached skill level 1 in Armour
   475 | D:1      | Reached XP level 3. HP: 21/22 MP: 3/3
   830 | D:2      | Noticed Jessica
   834 | D:2      | Killed Jessica
   834 | D:2      | Reached XP level 4. HP: 27/27 MP: 4/4
   907 | D:2      | Reached skill level 4 in Staves
   967 | D:2      | Noticed Natasha
   979 | D:2      | Killed Natasha
  1074 | D:2      | Noticed Natasha
  1080 | D:2      | Reached XP level 5. HP: 27/32 MP: 3/5
  1275 | D:2      | Killed Natasha
  1414 | D:2      | Noticed Natasha
  1419 | D:2      | Killed Natasha
  1562 | D:3      | Found a glowing drain.
  1598 | Sewer    | Entered a sewer
  1763 | Sewer    | Noticed a big kobold
  1782 | Sewer    | Killed a big kobold
  1782 | Sewer    | Reached XP level 6. HP: 35/37 MP: 6/6
  1825 | Sewer    | Found a white marble altar of Elyvilon.
  2338 | D:4      | Noticed Grinder
  2359 | D:4      | Reached skill level 5 in Staves
  2661 | D:4      | Paralysed by Grinder for 3 turns
  2672 | D:4      | Killed Grinder
  2672 | D:4      | Reached XP level 7. HP: 36/43 MP: 7/7
  2947 | D:4      | Reached skill level 6 in Staves
  3367 | D:4      | Found a staircase to the Ecumenical Temple.
  3452 | Temple   | Entered the Ecumenical Temple
  3669 | Temple   | Became a worshipper of Ashenzari the Shackled
  3771 | D:5      | Entered Level 5 of the Dungeon
  3800 | D:5      | Reached XP level 8. HP: 27/48 MP: 4/8
  4197 | D:5      | Reached skill level 5 in Fighting
  4385 | D:5      | Reached * piety under Ashenzari
  4728 | D:6      | Found a basalt altar of Yredelemnul.
  4848 | D:6      | Noticed a seven-headed hydra
  4866 | D:6      | Killed a seven-headed hydra
  4866 | D:6      | Reached skill level 7 in Staves
  4866 | D:6      | Reached skill level 5 in Armour
  4866 | D:6      | Reached XP level 9. HP: 15/55 MP: 3/9
  5284 | D:6      | Reached skill level 8 in Staves
  5284 | D:6      | Reached skill level 5 in Dodging
  6129 | D:7      | Found a sand-covered staircase.
  6133 | Ossuary  | Entered an ossuary
  6519 | D:7      | Noticed Harold
  6555 | D:7      | Killed Harold
  6555 | D:7      | Reached skill level 9 in Staves
  6701 | D:7      | Found an iron altar of Okawaru.
  6801 | D:7      | Reached ** piety under Ashenzari
  6858 | D:7      | Found a white marble altar of Elyvilon.
  6879 | D:7      | Noticed Pikel
  6882 | D:7      | Reached XP level 10. HP: 62/63 MP: 10/10
  6919 | D:7      | Killed Pikel
  7580 | D:8      | Found a sparkling altar of Nemelex Xobeh.
  7761 | D:8      | Found a burning altar of Makhleb.
  8461 | D:9      | Noticed Psyche
  8466 | D:9      | Killed Psyche
  8466 | D:9      | Reached skill level 10 in Staves
  8512 | D:9      | Got the cursed scale mail of Death Resistance {Int+4}
  8541 | D:9      | Noticed a two-headed ogre
  8560 | D:9      | Noticed a two-headed ogre
  8564 | D:9      | Killed a two-headed ogre
  8582 | D:9      | Killed a two-headed ogre
  8848 | D:9      | Reached *** piety under Ashenzari
  8953 | D:9      | Reached XP level 11. HP: 69/69 MP: 11/11
  9084 | D:9      | Reached skill level 11 in Staves
  9330 | D:10     | Entered Level 10 of the Dungeon
  9330 | D:10     | Noticed an unseen horror
  9346 | D:10     | Killed an unseen horror
  9591 | D:10     | Noticed a death yak
  9594 | D:10     | Noticed a death yak
  9594 | D:10     | Noticed a death yak
  9611 | D:10     | Killed a death yak
  9638 | D:10     | Killed a death yak
  9682 | D:10     | Killed a death yak
  9870 | D:10     | Found a staircase to the Lair.
 10364 | D:11     | Reached skill level 12 in Staves
 10516 | D:11     | Noticed Nergalle
 10519 | D:11     | Noticed an unseen horror
 10535 | D:11     | Killed an unseen horror
 10552 | D:11     | Killed Nergalle
 10552 | D:11     | Reached XP level 12. HP: 72/76 MP: 12/12
 10580 | D:11     | Identified the cursed +0 scale mail of Death Resistance
                  | {Int+4} (You found it on level 9 of the Dungeon)
 10838 | D:11     | Reached **** piety under Ashenzari
 10928 | D:11     | Found a portal to a secret trove of treasure.
 12112 | D:12     | Noticed Urug
 12132 | D:12     | Killed Urug
 12132 | D:12     | Reached skill level 10 in Fighting
 12463 | D:12     | Noticed a two-headed ogre
 12473 | D:12     | Killed a two-headed ogre
 12614 | D:12     | Found a staircase to the Orcish Mines.
 12988 | D:12     | Noticed Gastronok
 13009 | D:12     | Killed Gastronok
 13009 | D:12     | Reached skill level 13 in Staves
 13009 | D:12     | Reached skill level 10 in Armour
 13807 | D:13     | Got the cursed flail "Nish" {drain, rC++}
 13868 | D:13     | Noticed an ogre mage
 13874 | D:13     | Killed an ogre mage
 13883 | D:13     | Noticed a centaur warrior
 13898 | D:13     | Killed a centaur warrior
 13919 | D:13     | Reached XP level 13. HP: 27/83 MP: 9/13
 13921 | D:13     | HP: 1/83 [gargoyle/stone arrow (15)]
 14469 | D:13     | Identified the Tome of Flight and Envenoming
 14570 | D:13     | Identified the cursed +1 flail "Nish" {drain, rC++} (You
                  | found it on level 13 of the Dungeon)
 15378 | D:14     | Reached skill level 14 in Staves
 15589 | D:14     | Found a frozen archway.
 15621 | IceCv    | Entered an ice cave
 17104 | D:14     | Noticed a vault guard
 17166 | D:14     | Killed a vault guard
 17183 | D:14     | HP: 4/84 [two-headed ogre/+0 giant club (11)]
 17456 | D:14     | Found a gate to the Vaults.
 17919 | D:14     | Gained mutation: Your large and strong wings let you fly
                  | indefinitely. [Gargoyle growth]
 17919 | D:14     | Reached XP level 14. HP: 53/91 MP: 10/14
 18262 | D:14     | Identified a scroll of acquirement
 18758 | D:15     | Entered Level 15 of the Dungeon
 18942 | D:15     | Reached skill level 15 in Staves
 19362 | D:15     | Found a staircase to the Depths.
 19362 | D:15     | Noticed a dire elephant
 19392 | D:15     | Mangled by a dire elephant

Levels and vault maps discovered:
D:1:      onia_arrival_pyramid, layout_basic, kennysheep_doodads, minivault_24,
          solitary_fountain
D:2:      layout_rooms, uniq_jessica, uniq_natasha
D:3:      layout_rooms, cheibrodos_sewer_entry_sluice
D:4:      layout_loops_ring, minmay_temple_entry_statues_fountains,
          first_ration, uniq_grinder
D:5:      layout_loops_corners
D:6:      layout_cave_pods, basic_altar, minmay_ogre_servants
D:7:      layout_basic, elyvilon_altar_3, okawaru_trees_1,
          nicolae_ossuary_entry_plus, uniq_harold, uniq_pikel
D:8:      layout_basic, nemelex_xobeh_ov_fountains_minmay, makhleb_grotto_becter
D:9:      layout_stronghold, uniq_psyche
D:10:     layout_loops_ring, dpeg_lair_monsters
D:11:     layout_basic, nicolae_trove_entry_path_of_doom, uniq_nergalle
D:12:     layout_gridville, hiddenorc2_lemuel, hangedman_fish_farm, uniq_urug,
          uniq_gastronok
D:13:     minmay_the_grid_octo_triangle [minmay_the_grid_octo_clover,
          minmay_the_grid_octo_prize_big_c, minmay_the_grid_octo_thin_diamonds],
          layout_loops_cross, minivault_16
D:14:     layout_stronghold, david_vaults_5, minmay_hedge_maze, serial_ice,
          serial_ice_g, serial_ice_f, serial_ice_k, serial_ice_h, serial_ice_e,
          serial_ice_c, portal_ice_cave_demonic_guard
D:15:     hangedman_depths_entry_try_elsewhere_first, layout_irregular_city,
          kennysheep_flooded_box
Temple:   dpeg_five_rooms_temple

Skill      XL: |  1  2  3  4  5  6  7  8  9 10 11 12 13 14 |
---------------+-------------------------------------------+-----
Armour         | 1 2 3 4 5 6 7 9 10 11 | 11.8
Fighting       | 3 4 5 7 8 9 10 11 12 | 12.1
Staves         | 4 5 6 7 9 10 12 13 14 15 | 15.1
Dodging        | 3 4 5 6 7 8 9 |  9.7
Throwing       | |  1.7

Action                   |  1- 3 |  4- 6 |  7- 9 | 10-12 | 13-15 || total
-------------------------+-------+-------+-------+-------+-------++-------
Melee: Quarterstaff      |    95 |   191 |   529 |   870 |   367 ||  2052
       Lajatang          |       |       |       |   154 |   323 ||   477
       Flail             |       |       |       |       |   121 ||   121
Throw: Throwing net      |       |       |     2 |     1 |     2 ||     5
Invok: Curse Item        |       |       |       |     1 |       ||     1
 Abil: Fly               |       |       |       |       |     1 ||     1
  Use: Scroll            |       |       |    14 |     7 |    11 ||    32
       Potion            |       |       |       |     5 |     6 ||    11
 Stab: Sleeping          |     1 |       |       |       |       ||     1
       Invisible         |       |       |       |     9 |       ||     9
       Held in net/web   |       |       |       |       |     3 ||     3
  Eat: Chunk             |       |     6 |    14 |    24 |    11 ||    55
       Ration            |       |       |       |     1 |     2 ||     3
Armor: Leather armour    |    43 |    96 |       |       |       ||   139
       Plate armour      |       |     7 |   268 |       |       ||   275
       Chain mail        |       |       |    33 |   385 |   533 ||   951
       Scale mail        |       |       |       |    76 |       ||    76
Dodge: Dodged            |   104 |   156 |   193 |   457 |   433 ||  1343

Table legend:
 A = Non-vault XP
 B = Vault XP
 C = Vault XP percentage of total XP
 D = Non-vault monster count
 E = Vault monster count
 F = Vault count percentage of total count
                 A         B        C        D         E       F
            +---------+---------+-------+---------+---------+-------
      Total |   33834 |   28538 |  45.8 |     317 |     144 |  31.2
            +---------+---------+-------+---------+---------+-------
        D:1 |      58 |       0 |   0.0 |      28 |       0 |   0.0
        D:2 |     113 |      69 |  37.9 |      12 |       2 |  14.3
        D:3 |      40 |       7 |  14.9 |      16 |       4 |  20.0
        D:4 |     491 |     267 |  35.2 |      26 |       1 |   3.7
        D:5 |     361 |       0 |   0.0 |      17 |       0 |   0.0
        D:6 |    1336 |     131 |   8.9 |      13 |       9 |  40.9
        D:7 |     612 |    1588 |  72.2 |      23 |       2 |   8.0
        D:8 |     956 |      50 |   5.0 |      30 |       1 |   3.2
        D:9 |    3636 |     424 |  10.4 |      36 |       1 |   2.7
       D:10 |    3643 |    2868 |  44.0 |      26 |       9 |  25.7
       D:11 |    2066 |    1493 |  41.9 |      14 |       3 |  17.6
       D:12 |    4402 |    4136 |  48.4 |      15 |      35 |  70.0
       D:13 |    3347 |    6682 |  66.6 |      14 |      17 |  54.8
       D:14 |    6822 |    7429 |  52.1 |      31 |      22 |  41.5
       D:15 |    5951 |       0 |   0.0 |      16 |       0 |   0.0
      Sewer |       0 |     110 | 100.0 |       0 |      11 | 100.0
    Ossuary |       0 |     175 | 100.0 |       0 |      16 | 100.0
      IceCv |       0 |    3109 | 100.0 |       0 |      11 | 100.0
            +---------+---------+-------+---------+---------+-------
